 Dungeon Crawl Stone Soup version 0.18-a0-690-g014cd11 (webtiles) character file.

166 Herrn the Shield-Bearer (level 5, -9/43 HPs)
             Began as a Formicid Fighter on Dec 7, 2015.
             Killed by nerve-wracking pain
             ... invoked by Grinder
              (14 damage)
             ... on level 4 of the Dungeon.
             The game lasted 00:05:05 (2249 turns).

Herrn the Shield-Bearer (Formicid Fighter)          Turns: 2249, Time: 00:05:05

Health: -9/43      AC:  7    Str: 24 (27) XL:     5   Next: 76%
Magic:  5/5        EV:  6    Int:  9      God:
Gold:   75         SH: 10    Dex: 13      Spells: 0 memorised, 4 levels left

rFire  . . .     SeeInvis +     a - +0 war axe
rCold  . . .     Clarity  .     b - +0 scale mail
rNeg   . . .     SustAt   .     c - +0 shield
rPois  +         Gourm    .     (helmet unavailable)
rElec  .         Spirit   .     (no cloak)
rCorr  .         Dismiss  .     (no gloves)
rMut   .         Stasis   +     (no boots)
MR     .....                    (no amulet)
Stlth  ..........               q - +3 ring of dexterity
                                j - -3 ring of evasion (curse)

@: mighty, not resistant to hostile enchantments, extremely unstealthy
A: permanent stasis, dig shafts and tunnels, four strong arms, antennae 3,
rugged brown scales 1, yellow scales 1, clever 1, deformed body, sense
surroundings 1, poison resistance
a: Dig, Shaft Self


You were on level 4 of the Dungeon.
You were not hungry.

You visited 1 branch of the dungeon, and saw 4 of its levels.

You collected 75 gold pieces.

Inventory:

Hand Weapons
 a - a +0 war axe (weapon)
Armour
 b - a +0 scale mail (worn)
 c - a +0 shield (worn)
Jewellery
 j - a cursed -3 ring of evasion (left hand)
 q - a +3 ring of dexterity (right hand)
Wands
 l - a wand of confusion (28)
Scrolls
 f - 3 scrolls of teleportation {unknown}
 i - 3 scrolls of remove curse {unknown}
 m - 2 scrolls of identify {unknown}
 n - a scroll of blinking {unknown}
 r - a scroll of immolation {unknown}
Potions
 d - 2 potions of might
Comestibles
 e - 4 bread rations
 h - a meat ration
 s - 4 chunks of flesh


   Skills:
 + Level 3.7 Fighting
 * Level 3.8 Axes
 + Level 3.9 Armour
 + Level 1.4 Dodging
 + Level 4.4 Shields


You had 4 spell levels left.
You didn't know any spells.

Dungeon Overview and Level Annotations

Branches:
Dungeon (4/15)
 Temple: D:4-7

Altars:
Dithmenos
Nemelex Xobeh

Annotations:
D:4 Grinder


Innate Abilities, Weirdness & Mutations

You are under a permanent stasis effect.
You can dig through walls and to a lower floor.
Your four strong arms can wield two-handed weapons with a shield.
You have a pair of large antennae on your head (SInv).
You are partially covered in rugged brown scales (AC +1, +3% HP).
You are partially covered in yellow scales (AC +2).
Your mind is acute. (Int +2)
Armour fits poorly on your strangely shaped body.
You passively map a small area around you.
Your system is resistant to poisons.


Message History

Grinder hits you!
You writhe in agony.
You writhe in agony.
Grinder hits you.
* * * LOW HITPOINT WARNING * * *
You writhe in agony.
* * * LOW HITPOINT WARNING * * *
You slash Grinder!
Grinder is moderately wounded.
Grinder barely misses you.
You closely miss Grinder.
Grinder is moderately wounded.
You block Grinder's attack.
You slash Grinder!
Grinder is severely wounded.
Grinder gestures at you.
Your stasis keeps you stable.
Your scale mail prevents you from hitting Grinder.
Grinder is severely wounded.
Grinder completely misses you. Grinder gestures at you.
Pain shoots through your body!
You die...

* ..# * * .. * .. ,
,####. # *, ,,
.....# ####..#.#
#...5...# ##### *
#.@######...#
#...........#######
*
*##.######..........
* * * #.#
########### , * ,
#.# , * #.# * * #.#
#.# , #.


You could see Grinder.

Vanquished Creatures
  An orc wizard (D:4)
  Ijyb (D:3)
  3 adders
  3 worms
  2 giant geckos
  4 orcs
  7 bats
  3 giant cockroaches
  3 goblins (D:2)
  10 hobgoblins
  4 jackals (D:3)
  7 kobolds
  2 ball pythons (D:2)
  4 giant newts
  11 rats
65 creatures vanquished.

Notes
Turn   | Place    | Note
--------------------------------------------------------------
     0 | D:1      | Herrn the Formicid Fighter began the quest for the Orb.
     0 | D:1      | Reached XP level 1. HP: 18/18 MP: 1/1
   160 | D:1      | Reached XP level 2. HP: 24/24 MP: 2/2
   947 | D:2      | Reached skill level 4 in Shields
   947 | D:2      | Reached XP level 3. HP: 21/29 MP: 3/3
  1101 | D:2      | Found a sparkling altar of Nemelex Xobeh.
  1259 | D:2      | Found a shadowy altar of Dithmenos.
  1267 | D:2      | Reached XP level 4. HP: 25/35 MP: 4/4
  1843 | D:3      | Noticed Ijyb
  1854 | D:3      | Killed Ijyb
  1854 | D:3      | Reached skill level 1 in Dodging
  1854 | D:3      | Reached XP level 5. HP: 40/42 MP: 5/5
  2050 | D:4      | Gained mutation: Your system is resistant to poisons. [potion of mutation]
  2050 | D:4      | Gained mutation: Armour fits poorly on your strangely shaped body. [potion of mutation]
  2050 | D:4      | Gained mutation: You passively map a small area around you. [potion of mutation]
  2234 | D:4      | Noticed Grinder
  2241 | D:4      | Gained mutation: You are partially covered in yellow scales (AC +2). [potion of mutation]
  2241 | D:4      | Gained mutation: Your mind is acute. (Int +2) [potion of mutation]
  2241 | D:4      | Gained mutation: You are partially covered in rugged brown scales (AC +1, +3% HP). [potion of mutation]
  2249 | D:4      | Killed from afar by Grinder

Vault maps used:
D:1:      minmay_arrival_radiant_lines
D:2:      nicolae_dithmenos_shadow_blocks, nemelex_spade_bored_becter
D:3:      uniq_iyjb
D:4:      serial_shops, shop, uniq_grinder

Action                   |  1- 3 |  4- 6 || total
-------------------------+-------+-------++-------
Melee: War axe           |   109 |    89 ||   198
 Abil: Dig               |     1 |       ||     1
  Use: Potion            |       |     6 ||     6
  Eat: Chunk             |     1 |     4 ||     5
